 Dungeon Crawl Stone Soup version 0.29-a0-721-g7f417c9bbb (webtiles) character file.

Game seed: 11641285046219871698

23762 Sabo the Severer (level 13, -6/117 HPs)
             Began as a Hill Orc Fighter on June 26, 2022.
             Was the Champion of Okawaru.
             Mangled by an orc warrior
             ... wielding a +0 flail
              (13 damage)
             ... on level 2 of the Orcish Mines on June 27, 2022.
             The game lasted 01:22:00 (14264 turns).

Sabo the Severer (Hill Orc Fighter)                Turns: 14264, Time: 01:22:01

Health: -6/117     AC: 26    Str: 34    XL:     13   Next: 8%
Magic:  14/14      EV: 10    Int: 10    God:    Okawaru [******]
Gold:   1592       SH: 11    Dex: 10    Spells: 12/12 levels left

rFire   . . .      SeeInvis .   t - +5 hand axe "Killer Klown's Death" {vorpal, rElec rPois rC+ Will+}
rCold   + . .      Faith    .   n - +0 buckler "Kyusit" {Str+6}
rNeg    . . .      Spirit   .   u - +8 chain mail of Kiduviq {Regen+ Str+4 Int+2}
rPois   +          Reflect  +   (no helmet)
rElec   +          Harm     .   (no cloak)
rCorr   .          Rampage  .   D - +1 pair of gloves
Will    +....                   (no boots)
Stlth   ..........              C - amulet of reflection
HPRegen 1.09/turn               f - +4 ring of protection
MPRegen 0.14/turn               (no ring)

@: no status effects
A: no striking features
a: Renounce Religion, Convert to Beogh, Heroism, Finesse, Duel


You were on level 2 of the Orcish Mines.
You worshipped Okawaru.
Okawaru was exalted by your worship.
You visited 3 branches of the dungeon, and saw 14 of its levels.

You collected 1592 gold pieces.

Inventory:

Hand Weapons
 b - a +0 sling
 d - a +4 vorpal dire flail
 j - a +4 double sword of electrocution
 t - the +5 hand axe "Killer Klown's Death" (weapon) {vorpal, rElec rPois rC+ Will+}
   (You took it off an orc on level 3 of the Dungeon)

   It inflicts extra damage upon your enemies.
   rC:        It protects you from cold.
   rElec:     It insulates you from electricity.
   rPois:     It protects you from poison.
   Will:      It increases your willpower.
 v - a +3 war axe of protection
 G - a +3 war axe
 K - a +0 arbalest
 M - a +2 war axe of flaming
Missiles
 o - 37 poisoned darts (quivered)
 q - a curare-tipped dart
 A - 2 atropa-tipped darts
 L - 3 silver boomerangs
Armour
 n - the +0 buckler "Kyusit" (worn) {Str+6}
   (You found it on level 7 of the Dungeon)

   Str:       It affects your strength (+6).
 u - the +8 chain mail of Kiduviq (worn) {Regen+ Str+4 Int+2}
   (You took it off an orc on level 3 of the Dungeon)

   Str:       It affects your strength (+4).
   Int:       It affects your intelligence (+2).
   Regen:     It increases your rate of health regeneration.
 D - a +1 pair of gloves (worn)
 H - the +8 pearl dragon scales of the Raven {Harm +Blink rN+ MP-9 Dex+2}
   (Okawaru gifted it to you on level 10 of the Dungeon)

   Dex:       It affects your dexterity (+2).
   rN:        It protects you from negative energy.
   MP:        It affects your magic capacity (-9).
   +Blink:    It lets you blink.
   Harm:      It increases damage dealt and taken.
Jewellery
 f - a +4 ring of protection (left hand)
 C - an amulet of reflection (around neck)
 I - an amulet of faith
Wands
 a - a wand of flame (18)
 y - a wand of iceblast (8)
 B - a wand of light (15)
Scrolls
 c - a scroll of blinking
 h - 2 scrolls of fog
 k - 5 scrolls of magic mapping
 l - 2 scrolls of poison
 r - 2 scrolls of enchant weapon
 x - 3 scrolls of teleportation
Potions
 e - 5 potions of curing
 g - 3 potions of ambrosia
 i - 3 potions of mutation
 m - 2 potions of haste
 p - a potion of berserk rage {unknown}
 s - a potion of brilliance
 w - a potion of lignification {unknown}
 z - 2 potions of flight {unknown}
 E - a potion of invisibility {unknown}
Miscellaneous
 J - a tin of tremorstones (2/2)


   Skills:
 + Level 11.8 Fighting
 + Level 15.9(16.3) Axes
 + Level 4.9(10.0) Maces & Flails
 + Level 12.0 Armour
 + Level 3.4 Dodging
 + Level 1.3 Stealth
 + Level 10.4 Shields
 + Level 1.9 Invocations


You had 12 spell levels left.
You didn't know any spells.
Your spell library contained the following spells:

 Spells                   Type           Power      Damage    Failure   Level
 Blink                    Tloc           0%         N/A       91%         2
 Lesser Beckoning         Tloc           0%         N/A       99%         3
 Manifold Assault         Tloc           0%         N/A       100%        5


Dungeon Overview and Level Annotations

Branches:
Dungeon (11/15)            Temple (1/1) D:4            Lair (0/6) D:11
    Orc (2/2) D:10            Elf (0/3) Orc:2

Altars:
Ashenzari
Cheibriados
Dithmenos
Elyvilon
Fedhas
Gozag
Hepliaklqana
Kikubaaqudgha
Makhleb
Nemelex Xobeh
Okawaru
Qazlal
Ru
Sif Muna
Trog
Uskayaw
Vehumet
Wu Jian
Xom
Yredelemnul
Zin
The Shining One
Beogh

Shops:
D:3 =


Message History

The orc warrior unwields a +0 arbalest.
The orc warrior wields a +0 broad axe.
The orc warrior hits you with a +0 broad axe.
* * * LOW HITPOINT WARNING * * *
The orc knight hits you with a +2 war axe.
* * * LOW HITPOINT WARNING * * *
An orc priest comes into view. It is wielding a +0 flail.
The orc warrior hits you with a +0 flail.
* * * LOW HITPOINT WARNING * * *
You closely miss the orc warrior.
The orc warrior is almost dead.
The orc priest shouts!
You hit the orc warrior.
You hit the orc knight but do no damage.
The orc warrior shoots a bolt.
You reflect the bolt off an invisible shield around you!
The bolt hits the orc warrior!!
You kill the orc warrior!
Okawaru accepts your kill.
You hit the orc warrior.
You kill the orc warrior!
Okawaru accepts your kill.
You hit the orc knight but do no damage.
You hit the orc warrior but do no damage.
You block the orc warrior's attack.
The orc knight roars a battlecry!
The orc goes into a battle-frenzy!
You hit the orc knight.
The orc knight is almost dead.
You hit the orc warrior. You closely miss the orc knight.
The orc knight is almost dead.
You barely miss the orc warrior.
The orc warrior hits you with a +0 flail!
* * * LOW HITPOINT WARNING * * *
The orc knight hits you but does no damage.
You closely miss the orc knight.
The orc knight is almost dead.
You hit the orc warrior but do no damage.
The orc warrior hits you with a +0 flail!
You die...

.. #..# ##'###..# ........#
8.o.8.... ...... .o....#
...... ..o)# ....# # #o.#
...# #. #)@# ..#
#######.###.###o.######..#
.........................##
.................)...))...#
..#......#...#.))..).))#.##
..............))...).)## #
...................))## ###
...................)).####.##
...<...............#.###....#


You could see an orc knight, an orc warrior (strong), an orc priest and 2 orcs.

Vanquished Creatures
  A two-headed ogre (D:9)
  An orc high priest (Orc:2)
  A death yak (D:10)
  Lodul (D:11)
  Pikel (D:8)
  5 orc knights
  A manticore (D:11)
  An orc sorcerer (Orc:2)
  A cyclops (D:11)
  The ghost of Taurus the Shield-Bearer, a novice MiFi (D:5)
  3 komodo dragons
  5 polar bears (D:10)
  6 trolls
  Grinder (D:5)
  Sigmund (D:5)
  2 wyverns (D:11)
  9 yaks
  2 basilisks
  2 unseen horror simulacra (D:10)
  Grum (D:10)
  4 steam dragons
  5 wargs (Orc:2)
  An acid dragon (D:9)
  5 water moccasins
  35 orc warriors
  4 black bears
  2 sky beasts
  7 ice beasts
  7 wolves
  16 ogres
  3 centaurs
  4 lemures (D:8)
  3 phantoms
  A gnoll sergeant (D:8)
  3 kobold brigands
  2 necrophages (D:6)
  3 bullfrogs
  A scorpion (D:6)
  8 wights
  2 electric eels (D:10)
  The ghost of lesaewzxc the Cutter, a weakling KoBe (D:3)
  4 howler monkeys
  A crimson imp (D:5)
  5 hounds
  A jelly (D:7)
  10 orc priests
  A gnoll shaman (D:4)
  Terence (D:3)
  17 orc wizards
  11 iguanas
  A centaur simulacrum (D:10)
  13 gnolls
  7 adders
  2 shadow imps
  5 white imps
  3 ufetubi
  3 worms
  2 dart slugs
  100 orcs
  5 ball pythons
  8 bats
  10 endoplasms
  2 giant cockroaches (D:1)
  11 goblins
  8 hobgoblins
  2 jackals (D:1)
  22 kobolds
  7 quokkas
  5 frilled lizards
  4 rats
434 creatures vanquished.

Vanquished Creatures (others)
  A kobold (D:8)
  2 fungi (D:11)
  23 plants
  2 withered plants (D:5)
28 creatures vanquished.

Grand Total: 462 creatures vanquished

Notes
Turn   | Place    | Note
-------+----------+-------------------------------------------
     0 | D:1      | Sabo the Hill Orc Fighter began the quest for the Orb.
     0 | D:1      | Reached XP level 1. HP: 19/19 MP: 1/1
   176 | D:1      | Reached XP level 2. HP: 27/27 MP: 2/2
   213 | D:1      | Reached skill level 3 in Axes
   629 | D:1      | Reached XP level 3. HP: 24/33 MP: 3/3
  1591 | D:2      | Reached skill level 1 in Maces & Flails
  1764 | D:2      | Reached XP level 4. HP: 40/40 MP: 4/4
  2128 | D:3      | Noticed Terence
  2137 | D:3      | Killed Terence
  2270 | D:3      | Found Xeaket's Jewellery Boutique.
  2622 | D:3      | You fall into a shaft and drop 2 floors!
  2622 | D:5      | Entered Level 5 of the Dungeon
  2673 | D:5      | Reached XP level 5. HP: 40/45 MP: 5/5
  2843 | D:5      | Noticed Sigmund
  3121 | D:4      | Found a shimmering blue altar of Sif Muna.
  3178 | D:4      | Found a staircase to the Ecumenical Temple.
  3183 | Temple   | Entered the Ecumenical Temple
  3431 | Temple   | Became a worshipper of Warmaster Okawaru
  3652 | D:3      | Found a runed translucent gate.
  3652 | D:3      | Found a runed translucent gate.
  3652 | D:3      | Found a runed translucent gate.
  3655 | D:3      | Noticed lesaewzxc's ghost (weakling KoBe)
  3657 | D:3      | Identified the +5 hand axe "Killer Klown's Death" {vorpal,
                  | rElec rPois rC+ Will+}
  3657 | D:3      | Identified the +8 chain mail of Kiduviq {Regen+ Str+4
                  | Int+2}
  3664 | D:3      | Found a roughly hewn altar of Beogh.
  3829 | D:3      | Reached XP level 6. HP: 19/53 MP: 6/6
  4387 | D:3      | Killed lesaewzxc's ghost
  4650 | D:4      | Reached skill level 1 in Dodging
  4694 | D:4      | Reached XP level 7. HP: 44/60 MP: 7/7
  4813 | D:4      | Reached skill level 4 in Axes
  4813 | D:4      | Reached skill level 5 in Armour
  4826 | D:4      | Reached skill level 5 in Fighting
  5284 | D:5      | Noticed Grinder
  5300 | D:5      | Killed Grinder
  5300 | D:5      | Reached * piety under Okawaru
  5301 | D:5      | Reached skill level 6 in Axes
  5301 | D:5      | Reached XP level 8. HP: 55/69 MP: 8/8
  5717 | D:5      | Reached skill level 7 in Axes
  5820 | D:5      | Reached ** piety under Okawaru
  5912 | D:5      | Killed Sigmund
  5913 | D:5      | Reached skill level 8 in Axes
  5926 | D:5      | Found a burning altar of Makhleb.
  6363 | D:5      | Found a runed translucent door.
  6363 | D:5      | Noticed Taurus's ghost (novice MiFi)
  6378 | D:5      | Killed Taurus's ghost
  6379 | D:5      | Reached skill level 9 in Axes
  6379 | D:5      | Reached skill level 1 in Stealth
  6379 | D:5      | Reached skill level 5 in Shields
  6379 | D:5      | Reached XP level 9. HP: 71/75 MP: 9/9
  6640 | D:6      | Reached *** piety under Okawaru
  6809 | D:6      | Found a white marble altar of Elyvilon.
  6867 | D:6      | Reached skill level 10 in Axes
  7293 | D:7      | Identified the +0 buckler "Kyusit" {Str+6}
  7498 | D:7      | Found a stormy altar of Qazlal.
  7556 | D:7      | Found a bloodstained altar of Trog.
  7679 | D:7      | Found a glowing golden altar of the Shining One.
  8089 | D:7      | Found a snail-covered altar of Cheibriados.
  8185 | D:8      | Noticed Pikel
  8202 | D:8      | Killed Pikel
  8202 | D:8      | Reached **** piety under Okawaru
  8203 | D:8      | Reached skill level 11 in Axes
  8203 | D:8      | Reached XP level 10. HP: 64/86 MP: 10/10
  8374 | D:8      | Found a sparkling altar of Nemelex Xobeh.
  8410 | D:8      | Reached skill level 1 in Invocations
  8853 | D:8      | Reached ***** piety under Okawaru
  9365 | D:9      | Reached skill level 12 in Axes
  9369 | D:9      | Noticed a +0 dagger
  9371 | D:9      | Noticed a +0 spear
  9371 | D:9      | Noticed a +0 falchion
  9372 | D:9      | Noticed a +0 spear
  9372 | D:9      | Noticed a +0 short sword
  9372 | D:9      | Noticed a +0 short sword
  9372 | D:9      | Noticed a +0 dagger
  9373 | D:9      | Noticed a +0 falchion
  9374 | D:9      | Found a hide-covered altar of Uskayaw.
 10125 | D:9      | Noticed a two-headed ogre
 10140 | D:9      | Killed a two-headed ogre
 10466 | D:10     | Entered Level 10 of the Dungeon
 10466 | D:10     | Noticed a death yak
 10478 | D:10     | Killed a death yak
 10478 | D:10     | Identified the +8 pearl dragon scales of the Raven {Harm
                  | +Blink rN+ MP-9 Dex+2} (Okawaru gifted it to you on level
                  | 10 of the Dungeon)
 10478 | D:10     | Received a gift from Okawaru
 10479 | D:10     | Reached skill level 13 in Axes
 10479 | D:10     | Reached skill level 10 in Armour
 10479 | D:10     | Reached XP level 11. HP: 70/95 MP: 12/12
 10826 | D:10     | Noticed Grum
 10840 | D:10     | Killed Grum
 10879 | D:10     | Reached ****** piety under Okawaru
 11232 | D:10     | Reached skill level 14 in Axes
 11595 | D:10     | Upgraded the game from 0.29-a0-717-g6dac4ea423 to
                  | 0.29-a0-721-g7f417c9bbb
 11645 | D:10     | Found a staircase to the Orcish Mines.
 11945 | D:11     | Noticed a cyclops
 11961 | D:11     | Killed a cyclops
 11966 | D:11     | Reached XP level 12. HP: 92/105 MP: 13/13
 12120 | D:11     | Received a gift from Okawaru
 12204 | D:11     | Reached skill level 10 in Fighting
 12272 | D:11     | Found a staircase to the Lair.
 12364 | D:11     | Noticed Lodul
 12401 | D:11     | Killed Lodul
 12411 | D:11     | Reached skill level 15 in Axes
 12709 | Orc:1    | Entered Level 1 of the Orcish Mines
 13323 | Orc:2    | Entered Level 2 of the Orcish Mines
 13323 | Orc:2    | Noticed an orc high priest
 13381 | Orc:2    | Received a gift from Okawaru
 13648 | Orc:2    | Reached skill level 10 in Shields
 13901 | Orc:2    | Found a staircase to the Elven Halls.
 13966 | Orc:2    | Killed an orc high priest
 14030 | Orc:2    | Reached XP level 13. HP: 110/116 MP: 14/14
 14264 | Orc:2    | Mangled by an orc warrior

Illustrated notes

Levels and vault maps discovered:
D:1:      amcnicky_arrival_double_pillar, layout_basic, minmay_pentomino_p2
D:2:      layout_basic
D:3:      layout_basic, serial_shops, nicolae_shop_crystal,
          biasface_ghost_orc_armoury, uniq_terence
D:4:      layout_cave_pools, overflow_temple_1_default,
          minmay_temple_entry_trees, minmay_vboxes
D:5:      layout_gridville, lemuel_crystal_altar, gammafunk_ghost_grave,
          st_stairs_5, minmay_fire_ice_demons, uniq_sigmund, uniq_grinder
D:6:      kennysheep_spiral_hall, layout_rooms, lemuel_coloured_pillars_altar
D:7:      minmay_general_purpose_star, layout_rooms, lemuel_tele_altar,
          mainiacjoe_overflow_alcove_2, tso_metal_star,
          mainiacjoe_overflow_small_starburst
D:8:      layout_basic, lemuel_doored_altar, uniq_pikel
D:9:      layout_basic, nicolae_uskayaw_en_pointe
D:10:     layout_basic, erik_orc_3, serial_ice, serial_ice_k, serial_ice_c,
          serial_ice_n, serial_ice_o, serial_ice_m, serial_ice_h, serial_ice_f,
          serial_ice_b, serial_ice_g, serial_ice_a, minmay_lizard_king,
          uniq_grum
D:11:     layout_cave_pools, minmay_lair_entry_grove, uniq_lodul
Temple:   nicolae_temple_figure_eight
Orc:1:    layout_caves
Orc:2:    st_orc_town, layout_caves

Skill      XL: |  1  2  3  4  5  6  7  8  9 10 11 12 13 |
---------------+----------------------------------------+-----
Axes           | 3 6 9 11 13 14 15 | 15.9
Fighting       | 4 5 6 7 8 9 11 | 11.8
Maces & Flails | 1 2 3 4 |  4.9
Armour         | 4 5 6 8 10 11 12 | 12.0
Shields        | 4 5 6 8 10 | 10.4
Dodging        | 1 2 3 |  3.4
Stealth        | 1 |  1.3
Invocations    | 1 |  1.9

Action                   |  1- 3 |  4- 6 |  7- 9 | 10-12 | 13-15 || total
-------------------------+-------+-------+-------+-------+-------++-------
Melee: War axe           |    11 |       |       |       |       ||    11
       Mace              |    67 |   137 |       |       |       ||   204
       Hand axe          |       |    21 |   264 |   801 |    84 ||  1170
Throw: Dart              |       |       |       |     1 |       ||     1
Invok: Heroism           |       |       |       |     1 |       ||     1
  Use: Scroll            |     2 |     4 |     7 |     5 |       ||    18
       Potion            |       |     2 |     3 |     5 |     1 ||    11
Armor: Scale mail        |    37 |     7 |       |       |       ||    44
       Chain mail        |       |   106 |   131 |   319 |    27 ||   583
Dodge: Dodged            |    41 |    78 |    78 |   195 |    20 ||   412
Block: Buckler           |    18 |    54 |    40 |   296 |    27 ||   435
       Reflection        |       |       |       |    13 |     4 ||    17

Table legend: (Time is in decaauts)
 A = Elapsed time spent in this place.
 B = Non-inter-level travel time spent in this place.
 C = Inter-level travel time spent in this place.
 D = Time resting spent in this place.
 E = Time spent auto-exploring this place.
 F = Levels seen in this place.
 G = Mean time per level.
                   A        B        C        D        E       F      G
               +--------+--------+--------+--------+--------+-----+--------+
         Total |  13990 |  13990 |      0 |   2328 |      0 |  14 |  999.3 |
       Dungeon |  12310 |  12310 |      0 |   2173 |      0 |  11 | 1119.1 |
        Temple |    264 |    264 |      0 |      0 |      0 |   1 |  264.0 |
  Orcish Mines |   1414 |   1414 |      0 |    155 |      0 |   2 |  707.0 |
               +--------+--------+--------+--------+--------+-----+--------+

Top non-repeatable levels by time:
     D:5: 1751 daAuts
     D:3: 1496 daAuts
    D:10: 1379 daAuts
     D:8: 1162 daAuts
     D:1: 1099 daAuts
     D:9: 1086 daAuts
     D:2: 1037 daAuts
     D:7: 877 daAuts
     D:4: 876 daAuts
   Orc:2: 816 daAuts
     D:6: 804 daAuts
    D:11: 738 daAuts
   Orc:1: 598 daAuts
  Temple: 264 daAuts
